 Dungeon Crawl Stone Soup version 0.27-a0-223-ge082b6e869 (webtiles) character file.

Game seed: 16338843952936681556

22 iamserjio the Skirmisher (level 2, -4/28 HPs)
             Began as a Naga Fighter on Feb 1, 2021.
             Killed from afar by Sigmund (7 damage)
             ... with a magic dart
             ... on level 2 of the Dungeon.
             The game lasted 00:01:18 (187 turns).

iamserjio the Skirmisher (Naga Fighter)              Turns: 187, Time: 00:01:18

Health: -4/28      AC:  4    Str: 18    XL:     2   Next: 91%
Magic:  2/2        EV:  5    Int:  8    God:
Gold:   46         SH:  8    Dex: 10    Spells: 1/1 levels left

rFire    + . .     SeeInvis +   a - +0 war axe
rCold    x . .     Faith    .   c - +0 kite shield
rNeg     . . .     Spirit   .   b - +0 scale mail
rPois    +         Reflect  .   (no helmet)
rElec    .         Harm     .   (no cloak)
rCorr    .         Rampage  .   (no gloves)
Will     .....                  (no barding)
Stlth    ..........             (no amulet)
HPRegen  0.09/turn              e - ring of fire
MPRegen  0.08/turn              (no ring)

@: mighty, very slow
A: large, see invisible, deformed body, poison resistance, slowness 2, spit
poison 1, AC +0
a: Spit Poison


You were on level 2 of the Dungeon.
You visited 1 branch of the dungeon, and saw 2 of its levels.

You collected 46 gold pieces.

Inventory:

Hand Weapons
 a - a +0 war axe (weapon)
Armour
 b - a +0 scale mail (worn)
 c - a +0 kite shield (worn)
Jewellery
 e - a ring of fire (left hand)
Scrolls
 f - a scroll of fear {unknown}


   Skills:
 - Level 3.0 Fighting
 * Level 2.9 Axes
 - Level 2.4 Armour
 + Level 2.7 Shields


You had one spell level left.
You didn't know any spells.
Your spell library was empty.

Dungeon Overview and Level Annotations

Branches:
Dungeon (2/15)

Altars:

Annotations:
D:2 Sigmund


Innate Abilities, Weirdness & Mutations

You cannot wear boots.
Your serpentine skin is tough. (AC +0)
You have supernaturally acute eyesight. (SInv)
Armour fits poorly on your strangely shaped body.
Your system is resistant to poisons. (rPois)
You cover ground very slowly.
You can spit poison.


Message History

Sigmund points at himself and mumbles some strange words.
Sigmund flickers and vanishes for a moment.
You barely miss Sigmund. Sigmund hits you with a +0 scythe!
* * * LOW HITPOINT WARNING * * *
You slash Sigmund!
Sigmund laughs darkly.
Sigmund barely misses you.
You slash Sigmund! Sigmund hits you but does no damage.
You closely miss Sigmund. Sigmund barely misses you.
You hit Sigmund. Sigmund casts a spell at you.
You resist with significant effort. Sigmund hits you with a +0 scythe.
* * * LOW HITPOINT WARNING * * *
You barely miss Sigmund. You block Sigmund's attack.
Your shield and scale mail prevent you from hitting Sigmund.
Sigmund hits you but does no damage.
You hit Sigmund. Sigmund gestures at you while chanting.
The magic dart hits you!
You die...

#. #. .. #. #.##
.# ##..####.# .#
###........# #.#
#.....### #.#
.$..###.@.######.#
# #@#......#.#
#r######.[.# ...
####..#### #...
#........# .. #...
#........# .. #.##
#.... #........#
.. ....###..
#......<.# #.
#.#...##
#........#


You could see Sigmund (invisible) and a rat.

Vanquished Creatures
  An adder (D:2)
  5 bats (D:1)
  A giant cockroach (D:1)
  A goblin (D:1)
  4 kobolds
  A rat (D:1)
13 creatures vanquished.

Notes
Turn   | Place    | Note
-------+----------+-------------------------------------------
     0 | D:1      | iamserjio the Naga Fighter began the quest for the Orb.
     0 | D:1      | Reached XP level 1. HP: 21/21 MP: 1/1
    74 | D:1      | Reached XP level 2. HP: 9/28 MP: 2/2
   177 | D:2      | Noticed Sigmund
   187 | D:2      | Killed from afar by Sigmund

Illustrated notes

Levels and vault maps discovered:
D:1:      co_arrival_square_in_a_square_in_a_square, layout_basic, st_stairs_2
D:2:      layout_rooms, serial_rivers, chequers_serial_rivers_micro_b,
          chequers_serial_rivers_micro_d, chequers_serial_rivers_micro_a,
          chequers_serial_rivers_room_b, chequers_serial_rivers_micro_e,
          chequers_serial_rivers_small_b, grunt_ministairs_9, uniq_terence,
          uniq_sigmund

Action                   || total
-------------------------++-------
Melee: War axe           ||    34
 Abil: Spit Poison       ||     2
  Use: Potion            ||     1
Armor: Scale mail        ||    15
Dodge: Dodged            ||    11
Block: Kite shield       ||    14

Table legend: (Time is in decaauts)
 A = Elapsed time spent in this place.
 B = Non-inter-level travel time spent in this place.
 C = Inter-level travel time spent in this place.
 D = Time resting spent in this place.
 E = Time spent auto-exploring this place.
 F = Levels seen in this place.
 G = Mean time per level.
                   A        B        C        D        E       F      G
               +--------+--------+--------+--------+--------+-----+--------+
         Total |    260 |    260 |      0 |      0 |      0 |   2 |  130.0 |
       Dungeon |    260 |    260 |      0 |      0 |      0 |   2 |  130.0 |
               +--------+--------+--------+--------+--------+-----+--------+

Top non-repeatable levels by time:
     D:1: 179 daAuts
     D:2: 81 daAuts
